 Dungeon Crawl Stone Soup version 0.23-a0-338-g8ff0b24 (webtiles) character file.

810 Ijustatesigmund the Magician (level 7, -3/45 HPs)
             Began as an Octopode Wizard on Oct 18, 2018.
             Slain by a water moccasin (9 damage)
             ... on level 6 of the Dungeon.
             The game lasted 00:12:03 (8790 turns).

Ijustatesigmund the Magician (Octopode Wizard)      Turns: 8790, Time: 00:12:04

Health: -3/45      AC:  2    Str:  6    XL:     7   Next: 92%
Magic:  12/22      EV: 13    Int: 21    God:
Gold:   82         SH:  0    Dex: 12    Spells: 5/14 levels left

rFire    + . .     SeeInvis .   d - +3 dagger (venom)
rCold    . . .     Gourm    .   (no shield)
rNeg     . . .     Faith    .   a - +1 hat
rPois    .         Spirit   .   (no amulet)
rElec    .         Reflect  .   e - ring of protection from fire
rCorr    .         Harm     .   h - ring of magical power
MR       .....                  (no ring)
Stlth    +++.......             (no ring)
HPRegen  0.15/turn              (no ring)
MPRegen  0.18/turn              (no ring)
                                (no ring)
                                (no ring)

@: very slightly contaminated
A: almost no armour, stealthy swim, amphibious, 8 rings, constrict 8, camouflage
1, gelatinous body 1
a: no special abilities


You were on level 6 of the Dungeon.
You were not hungry.

You visited 1 branch of the dungeon, and saw 7 of its levels.

You collected 316 gold pieces.
You spent 234 gold pieces at shops.

Inventory:

Hand Weapons
 d - a +3 dagger of venom (weapon)
Armour
 a - a +1 hat (worn)
Jewellery
 e - a ring of protection from fire (left tentacle)
 h - a ring of magical power (right tentacle)
Wands
 f - a wand of enslavement (12)
 m - a wand of flame (30)
Scrolls
 b - a scroll of teleportation
 g - 3 scrolls of remove curse
 n - a scroll of fog
 p - a scroll of magic mapping
Potions
 i - 3 potions of heal wounds
 j - 2 potions of lignification
 k - a potion of might
 l - a potion of cancellation {unknown}
 o - a potion of curing
 q - a potion of magic {unknown}
 r - a potion of agility
Comestibles
 c - 9 rations


   Skills:
 - Level 2.7 Fighting
 - Level 2.0 Dodging
 - Level 4.0 Stealth
 + Level 4.4 Spellcasting
 - Level 3.2 Conjurations
   Level 1.0 Summonings
 - Level 2.6 Translocations
 + Level 1.4 Fire Magic
 - Level 3.3 Air Magic
 - Level 3.7 Poison Magic


You had 5 spell levels left.
You knew the following spells:

 Your Spells              Type           Power        Failure   Level  Hunger
a - Magic Dart            Conj           ###.         3%          1    None
b - Blink                 Tloc           N/A          6%          2    #......
c - Mephitic Cloud        Conj/Pois/Air  ###.....     9%          3    ##.....
d - Conjure Flame         Conj/Fire      ##......     13%         3    ##.....

Your spell library contained the following spells:

 Spells                   Type           Power        Failure   Level  Hunger
 Call Imp                 Summ           #.......     12%         2    #......
 Slow                     Hex            #.......     17%         2    #......


Dungeon Overview and Level Annotations

Branches:
Dungeon (7/15)             Temple (0/1) D:6

Altars:
Dithmenos
Fedhas
Nemelex Xobeh
Okawaru
Qazlal
Ru
Trog
Xom
Zin

Shops:
D:4 *   D:6 !


Innate Abilities, Weirdness & Mutations

You cannot wear most types of armour.
You are very stealthy in the water. (Stealth+)
You are amphibious.
You can wear up to eight rings at the same time.
You can use your tentacles to constrict eight enemies at once.
Your skin changes colour to match your surroundings (Stealth+).
Your rubbery body absorbs attacks. (AC +1, EV +1)


Message History

The water moccasin closely misses you. The water moccasin bites you!
* * * LOW HITPOINT WARNING * * *
Casting: Magic Dart (safe; 3% risk of failure)
Confirm with . or Enter, or press ? or * to list all spells.
Aiming: Magic Dart (safe; 3% risk of failure)
Press: ? - help, Shift-Dir - straight line, f/p - water moccasin
Aim: a water moccasin (moderately wounded)
The magic dart hits the water moccasin.
The water moccasin is heavily wounded.
The water moccasin bites you.
* * * LOW HITPOINT WARNING * * *
Casting: Magic Dart (safe; 3% risk of failure)
Confirm with . or Enter, or press ? or * to list all spells.
Aiming: Magic Dart (safe; 3% risk of failure)
Press: ? - help, Shift-Dir - straight line, f/p - water moccasin
Aim: a water moccasin (heavily wounded)
The magic dart hits the water moccasin.
The water moccasin is heavily wounded.
The water moccasin bites you!
You die...

. ...#..### # .......
###.....###.# .
#≈≈≈≈≈≈≈≈≈#.# ..#
#.#≈#.....#≈#.# ..#
#..≈.......≈..# ..#
#..≈.......≈..##..#
##
#..≈...>@S.≈......#
#.
#..≈.....l.≈..†...###
.
#..≈.......≈........#
#.
#.#≈#.....#≈#.......#
# #≈≈≈≈≈≈≈≈≈#.......#
###.....###.......#
...........##....#
##..#.########....#
##.#+########....# #


You could see a water moccasin and a frilled lizard.

Vanquished Creatures
  An ogre (D:5)
  2 phantoms (D:4)
  A bullfrog (D:7)
  A crimson imp (D:5)
  A bullfrog skeleton (D:5)
  An orc priest (D:3)
  An orc wizard (D:5)
  A jelly (D:5)
  A centaur skeleton (D:5)
  2 worker ants
  A hound skeleton (D:5)
  4 gnolls
  8 adders
  2 shadow imps
  5 worms
  4 dart slugs
  2 leopard geckos
  8 orcs
  5 giant cockroaches
  9 goblins
  9 hobgoblins
  8 jackals
  4 quokkas
  5 bats
  9 frilled lizards
  A jackal skeleton (D:7)
  6 kobolds
  6 rats
108 creatures vanquished.

Notes
Turn   | Place    | Note
-------+----------+-------------------------------------------
     0 | D:1      | Ijustatesigmund the Octopode Wizard began the quest for the
                  | Orb.
     0 | D:1      | Reached XP level 1. HP: 11/11 MP: 4/4
   450 | D:1      | Reached XP level 2. HP: 17/17 MP: 1/6
   473 | D:1      | Learned a level 2 spell: Blink
  1003 | D:2      | Reached XP level 3. HP: 11/21 MP: 4/7
  1452 | D:2      | Found a shadowy altar of Dithmenos.
  2055 | D:2      | Reached XP level 4. HP: 27/27 MP: 1/8
  2386 | D:2      | Found a blossoming altar of Fedhas.
  2706 | D:2      | Found a bloodstained altar of Trog.
  3453 | D:3      | Learned a level 3 spell: Mephitic Cloud
  3954 | D:3      | Found a stormy altar of Qazlal.
  4323 | D:3      | Reached skill level 1 in Air Magic
  4323 | D:3      | Reached skill level 1 in Poison Magic
  4323 | D:3      | Reached XP level 5. HP: 10/31 MP: 0/9
  5203 | D:4      | Found Zin's Purification Station.
  5203 | D:4      | Found a glowing silver altar of Zin.
  5298 | D:4      | Noticed a phantom
  5341 | D:4      | Killed a phantom
  5341 | D:4      | Reached XP level 6. HP: 20/36 MP: 6/10
  5954 | D:4      | Noticed a phantom
  5978 | D:4      | Killed a phantom
  6155 | D:4      | Found a shimmering altar of Xom.
  6291 | D:4      | Found a sacrificial altar of Ru.
  6670 | D:5      | Entered Level 5 of the Dungeon
  6713 | D:5      | Reached XP level 7. HP: 23/42 MP: 5/11
  6870 | D:5      | Reached skill level 1 in Fighting
  7854 | D:5      | Found an iron altar of Okawaru.
  8264 | D:7      | Learned a level 3 spell: Conjure Flame
  8267 | D:7      | Found a sparkling altar of Nemelex Xobeh.
  8276 | D:7      | Reached skill level 1 in Fire Magic
  8506 | D:6      | Found Muares's Distillery.
  8510 | D:6      | Bought a potion of might for 52 gold pieces
  8510 | D:6      | Bought a potion of agility for 52 gold pieces
  8510 | D:6      | Bought a potion of heal wounds for 65 gold pieces
  8510 | D:6      | Bought a potion of heal wounds for 65 gold pieces
  8527 | D:6      | Found a staircase to the Ecumenical Temple.
  8790 | D:6      | Slain by a water moccasin

Vault maps used:
D:1:      minmay_arrival_wavy_path, chequers_serial_rivers_room_b
D:2:      nicolae_overflow_hidden_temple, fedhas_altar_2, serial_rivers,
          chequers_serial_rivers_micro_c, chequers_serial_rivers_large_b,
          chequers_serial_rivers_small_b, chequers_serial_rivers_small_a,
          chequers_serial_rivers_room_a, chequers_serial_rivers_small_b,
          grunt_dithmenos_smoke
D:3:      grunt_qazlal_sundering, first_ration
D:4:      zin_purify, lemuel_doored_altar, xom_teletrap_fun
D:5:      okawaru_gym_becter, hex_medium
D:6:      minmay_temple_entry_water_ring, serial_shops, kennysheep_mini_moat,
          nicolae_shop_stone, nicolae_shop_crystal, nicolae_shop_statue_plus,
          shop_fountains
D:7:      kennysheep_little_box, nemelex_xobeh_ov_fountains_minmay,
          old_standard_altar, serial_shops, nicolae_shop_behind_doors,
          nicolae_shop_statue_plus, uniq_crazy_yiuf_cottage

Skill      XL: |  1  2  3  4  5  6  7 |
---------------+----------------------+-----
Conjurations   | 2 3 |  3.2
Translocations | 2 |  2.6
Air Magic      | 1 3 |  3.3
Poison Magic   | 1 2 3 |  3.7
Stealth        | 4 |  4.0
Fighting       | 2 |  2.7
Spellcasting   | 4 |  4.4
Fire Magic     | 1 |  1.4
Dodging        | |  2.0
Summonings     | |  1.0

Action                   |  1- 3 |  4- 6 |  7- 9 || total
-------------------------+-------+-------+-------++-------
Melee: Unarmed           |     3 |       |       ||     3
       Spear             |    70 |     4 |       ||    74
       Constrict         |    11 |     4 |     1 ||    16
       Tentacles         |     7 |     4 |     2 ||    13
       Dagger            |       |    34 |    12 ||    46
 Cast: Magic Dart        |    64 |   152 |   101 ||   317
       Blink             |       |       |     4 ||     4
       Mephitic Cloud    |       |       |     2 ||     2
Evoke: Wand              |       |     1 |       ||     1
  Use: Potion            |     1 |     1 |     1 ||     3
       Scroll            |       |     7 |     3 ||    10
 Stab: Sleeping          |     6 |     2 |       ||     8
  Eat: Chunk             |     3 |     7 |     7 ||    17
       Ration            |       |     2 |       ||     2
Armor: Skin              |     9 |    13 |     5 ||    27
Dodge: Dodged            |    43 |    32 |    13 ||    88

Table legend:
 A = Non-vault XP
 B = Vault XP
 C = Vault XP percentage of total XP
 D = Non-vault monster count
 E = Vault monster count
 F = Vault count percentage of total count
                 A         B        C        D         E       F
            +---------+---------+-------+---------+---------+-------
      Total |    1158 |       0 |   0.0 |     108 |       0 |   0.0
            +---------+---------+-------+---------+---------+-------
        D:1 |      30 |       0 |   0.0 |      20 |       0 |   0.0
        D:2 |      78 |       0 |   0.0 |      30 |       0 |   0.0
        D:3 |     131 |       0 |   0.0 |      22 |       0 |   0.0
        D:4 |     348 |       0 |   0.0 |       9 |       0 |   0.0
        D:5 |     401 |       0 |   0.0 |      19 |       0 |   0.0
        D:6 |      79 |       0 |   0.0 |       6 |       0 |   0.0
        D:7 |      91 |       0 |   0.0 |       2 |       0 |   0.0
            +---------+---------+-------+---------+---------+-------
